 Dungeon Crawl Stone Soup version 0.29.0-4-gdea44cf6ec (webtiles) character file.

Game seed: 13398807285367431522

108 qw the Chopper (level 4, -3/26 HPs)
             Began as a Tengu Warper on Aug 28, 2022.
             Slain by an orc priest
             ... wielding a +0 club
              (4 damage)
             ... on level 3 of the Dungeon.
             The game lasted 00:00:14 (2525 turns).

qw the Chopper (Tengu Warper)                       Turns: 2525, Time: 00:00:15

Health: -3/26      AC: 11    Str: 20    XL:     4   Next: 87%
Magic:  8/8        EV:  6    Int: 13    God:
Gold:   105        SH:  0    Dex: 13    Spells: 7/7 levels left

rFire   . . .      SeeInvis .   Y - +0 hand axe
rCold   . . .      Faith    .   (no shield)
rNeg    . . .      Spirit   .   h - +1 plate armour
rPois   .          Reflect  .   (helmet restricted)
rElec   .          Harm     .   (no cloak)
rCorr   .          Rampage  .   (no gloves)
Will    .....                   (boots unavailable)
Stlth   ..........              (no amulet)
HPRegen 0.08/turn               b - +6 ring of strength
MPRegen 0.11/turn               (no ring)

@: no status effects
A: beak, talons 3
a: no special abilities


You were on level 3 of the Dungeon.
You visited 1 branch of the dungeon, and saw 3 of its levels.

You collected 105 gold pieces.


Innate Abilities, Weirdness & Mutations

You have a beak for a mouth.
You have claws for feet.


   Skills:
 - Level 2.0 Fighting
 + Level 5.0 Axes
 - Level 1.0 Throwing
 - Level 2.1 Armour
 - Level 2.1 Dodging
 - Level 2.0 Spellcasting
 - Level 2.4 Translocations


You had 7 spell levels left.
You didn't know any spells.
Your spell library contained the following spells:

 Spells                   Type           Power      Damage    Failure   Level
 Blink                    Tloc           14%        N/A       99%         2
 Gell's Gravitas          Tloc           7%         N/A       100%        3
 Lesser Beckoning         Tloc           7%         N/A       100%        3
 Teleport Other           Tloc           7%         N/A       100%        3
 Manifold Assault         Tloc           7%         N/A       100%        5

Inventory:

Hand Weapons
 l - a +0 whip
 Y - a +0 hand axe (weapon)
Armour
 h - a +1 plate armour (worn)
Jewellery
 b - a +6 ring of strength (left hand)
Wands
 a - a wand of digging (3)
Scrolls
 g - 2 scrolls of identify
Potions
 e - 2 potions of curing
 i - a potion of mutation {unknown}
 j - a potion of experience {unknown}

Dungeon Overview and Level Annotations

Branches:
Dungeon (3/15)

Altars:

Shops:
D:1 !

Annotations:
D:1 1 runed translucent door


Message History

Enter note: An orc priest comes into view.
It is wielding a +0 club.
The orc priest shouts!
An orc comes into view. It is wielding a +0 hand axe.
The orc shouts!
An orc comes into view. It is wielding a +0 morningstar.
An orc comes into view. It is wielding a +0 trident.
The orc shouts!
The orc priest hits you but does no damage.
You completely miss the orc priest.
You claw the orc priest, but do no damage.
The orc priest hits you but does no damage.
You hit the orc priest. You claw the orc priest.
The orc priest is moderately wounded.
The orc priest hits you but does no damage.
You hit the orc priest. Your kick misses the orc priest.
The orc priest is severely wounded.
You hit the orc priest but do no damage.
The orc priest is severely wounded.
The orc priest mumbles some strange prayers to Beogh against you.
Beogh smites you!
You completely miss the orc priest. Your kick misses the orc priest.
The orc priest is severely wounded.
The orc priest mumbles some strange prayers to Beogh against you.
Pain shoots through your body!
Ouch! That really hurt!
The orc hits you but does no damage.
You hit the orc priest but do no damage.
Your peck misses the orc priest.
The orc priest is severely wounded.
The orc priest barely misses you.
The orc hits you from afar with a +0 trident.
You barely miss the orc priest.
The orc priest is severely wounded.
The orc priest hits you but does no damage.
The orc barely misses you.
You barely miss the orc priest.
The orc priest is severely wounded.
The orc priest hits you with a +0 club.
You die...

###############
#........##...#
#........##...#
+........##...#
#...[....##...# ##
#........##...#
##...##o.......##...#
#.
....oo.@......###...#
#.
.#..o#######..###...#
#. #. ##..##...# #.
#..##...###.
#.......#...
###.........
........#...
.........#...
#..........#...


You could see an orc priest and 3 orcs.

Vanquished Creatures
  Robin (D:3)
  4 adders (D:2)
  An adder skeleton (D:2)
  3 dart slugs
  2 ball pythons (D:2)
  A bat skeleton (D:2)
  2 endoplasms
  2 giant cockroaches (D:2)
  10 goblins
  4 hobgoblins (D:2)
  4 jackals (D:1)
  A quokka (D:1)
  A ball python skeleton (D:2)
  2 bats
  2 frilled lizards (D:2)
  6 kobolds
  2 rats (D:1)
48 creatures vanquished.

Vanquished Creatures (others)
  9 plants (D:1)
9 creatures vanquished.

Grand Total: 57 creatures vanquished

Notes
Turn   | Place    | Note
-------+----------+-------------------------------------------
     0 | D:1      | qw the Tengu Warper began the quest for the Orb.
     0 | D:1      | Reached XP level 1. HP: 12/12 MP: 4/4
     0 | D:1      | 0 ||| qw: Version: 0.1-a-89-g26bdef1
     0 | D:1      | 0 ||| qw: Game counter: 1996
     0 | D:1      | 0 ||| qw: Always use a shield: true
     0 | D:1      | 0 ||| qw: God list: Okawaru
     0 | D:1      | 0 ||| qw: Allow faded altars: false
     0 | D:1      | 0 ||| qw: Do Orc after D:15 true
     0 | D:1      | 0 ||| qw: Do second Lair branch before Depths: true
     0 | D:1      | 0 ||| qw: Lair rune preference: random
     0 | D:1      | 0 ||| qw: Plans: Normal
     0 | D:1      | 0 ||| PLANNING D:1-11
     1 | D:1      | Found a runed translucent door.
   156 | D:1      | Reached XP level 2. HP: 14/17 MP: 6/6
   238 | D:1      | Reached skill level 3 in Axes
   318 | D:1      | 318 ||| Stepping ~*~*~tactically~*~*~ (hiding).
   334 | D:1      | 334 ||| DROPPING +0 club.
   569 | D:1      | Found Wavomo's Distillery.
   578 | D:1      | 578 ||| SHOPLISTING potion of curing (42 gold, have 41).
   578 | D:1      | 578 ||| SHOPLISTING potion of heal wounds (70 gold, have
                  | 41).
   578 | D:1      | 578 ||| SHOPLISTING potion of might (56 gold, have 41).
   647 | D:1      | Found a faded altar of an unknown god.
   695 | D:1      | 695 ||| UPGRADING to +0 ring mail.
   705 | D:1      | 705 ||| DROPPING +0 leather armour.
   706 | D:1      | 706 ||| READING scroll labelled LYLEGESHR OTHRIX.
   707 | D:1      | 707 ||| READING 2 scrolls labelled TAODUJ GATRON.
   708 | D:1      | 708 ||| READING 2 scrolls labelled EGHOPT YSUE.
   709 | D:1      | 709 ||| READING scroll labelled ZAYBATRUDU.
   742 | D:1      | 742 ||| READING scroll labelled ROLULU MIKEHUU.
   743 | D:1      | 743 ||| READING scroll labelled IHESTR ISCHIKEEC.
   744 | D:1      | 744 ||| READING scroll labelled AGASEO MUBAOL.
   745 | D:1      | 745 ||| DRINKING 3 grey potions.
   746 | D:1      | 746 ||| DROPPING scroll of blinking.
   747 | D:1      | 747 ||| DROPPING scroll of fear.
   803 | D:2      | Reached XP level 3. HP: 21/21 MP: 7/7
   942 | D:2      | Reached skill level 4 in Axes
  1173 | D:2      | 1173 ||| Stepping ~*~*~tactically~*~*~ (stealth).
  1355 | D:2      | Reached XP level 4. HP: 16/26 MP: 8/8
  1984 | D:2      | Reached skill level 5 in Axes
  2219 | D:2      | 2219 ||| UPGRADING to +0 plate armour.
  2229 | D:2      | 2229 ||| DROPPING +0 ring mail.
  2230 | D:2      | 2230 ||| READING scroll of enchant armour.
  2230 | D:2      | 2230 ||| ENCHANTING +0 plate armour.
  2231 | D:2      | 2231 ||| UPGRADING to +6 ring of strength.
  2232 | D:2      | 2232 ||| READING scroll labelled UNNATA ZIGH.
  2233 | D:2      | 2233 ||| READING scroll labelled WOTZITAEWK.
  2234 | D:2      | 2234 ||| DRINKING 2 murky coppery potions.
  2268 | D:2      | 2268 ||| DROPPING potion of lignification.
  2297 | D:3      | 2297 ||| STAIRDANCE
  2303 | D:3      | 2303 ||| STAIRDANCE
  2353 | D:3      | 2353 ||| STAIRDANCE
  2439 | D:3      | 2439 ||| STAIRDANCE
  2465 | D:3      | Noticed Robin
  2474 | D:3      | Killed Robin
  2522 | D:3      | HP: 2/26 [orc priest/nerve-wracking pain (14)]
  2525 | D:3      | Slain by an orc priest

Levels and vault maps discovered:
D:1:      dpeg_arrival_caged_fury, layout_rooms,
          dilly_ecumenical_altar_fadedgnrine, serial_shops, shop
D:2:      layout_basic, serial_undead, serial_undead_a, serial_undead_b,
          serial_undead_c, serial_undead_a
D:3:      layout_basic, uniq_robin

Skill      XL: |  1  2  3  4 |
---------------+-------------+-----
Axes           | 3 4 5 |  5.0
Armour         | 2 |  2.1
Fighting       | |  2.0
Throwing       | |  1.0
Dodging        | |  2.1
Spellcasting   | |  2.0
Translocations | |  2.4

Action                   |  1- 3 |  4- 6 || total
-------------------------+-------+-------++-------
Melee: Hand axe          |    72 |    55 ||   127
       Kick              |    14 |     7 ||    21
       Peck              |    11 |     8 ||    19
Throw: Boomerang         |     7 |       ||     7
  Use: Scroll            |     7 |     3 ||    10
       Potion            |     1 |     1 ||     2
Armor: Leather armour    |    11 |       ||    11
       Ring mail         |    14 |     7 ||    21
       Plate armour      |       |    34 ||    34
Dodge: Dodged            |    30 |    23 ||    53

Table legend:
 A = Non-vault XP
 B = Vault XP
 C = Vault XP percentage of total XP
 D = Non-vault monster count
 E = Vault monster count
 F = Vault count percentage of total count
                 A         B        C        D         E       F
            +---------+---------+-------+---------+---------+-------
      Total |     113 |      42 |  27.1 |      34 |      14 |  29.2
            +---------+---------+-------+---------+---------+-------
        D:1 |      26 |       0 |   0.0 |      14 |       0 |   0.0
        D:2 |      83 |      25 |  23.1 |      19 |      12 |  38.7
        D:3 |       4 |      17 |  81.0 |       1 |       2 |  66.7
            +---------+---------+-------+---------+---------+-------
